 Dungeon Crawl Stone Soup version 0.31-a0-1154-gadca813884 (webtiles) character file.

Game seed: 12523976275182874178

3952 Dirtsage the Mimic (level 10, -24/74 HPs)
             Began as an Octopode Shapeshifter on Dec 7, 2023.
             Was a Believer of the Shining One.
             Annihilated by a naga warrior
             ... wielding a +0 scimitar
             ... summoned by a worldbinder
              (34 damage)
             ... on level 2 of the Abyss.
             The game lasted 00:23:23 (6883 turns).

Dirtsage the Mimic (Octopode Shapeshifter)          Turns: 6883, Time: 00:23:24

Health: -24/74     AC: 12    Str: 19    XL:     10   Next: 21%
Magic:  21/21      EV:  9    Int: 18    God:    the Shining One [**....]
Gold:   241        SH:  0    Dex: 16    Spells: 7/9 levels left

rFire   . .          .
                       - Unarmed
rCold   . . .        (shield currently unavailable)
rNeg    + . .        (helmet currently unavailable)
rPois   +            (no amulet)
rElec   .            j - ring of magical power
rCorr   .            e - +6 ring of intelligence
SInv    .            u - +4 ring of protection
Will    .....        W - ring of wizardry
Stlth   +            (no ring)
HPRegen 0.32/turn    (no ring)
MPRegen 0.17/turn    (no ring)
                     (no ring)

%: wizardry (x1)
@: about to teleport, snake-form, glowing, constricted
A: constrict, boosted hp, almost no armour, amphibious, 8 rings, large,
(camouflage 1), (gelatinous body 1), (nimble swimmer 1), (tentacles)
a: Begin Untransformation, Renounce Religion, Divine Shield


You were on level 2 of the Abyss.
You worshipped the Shining One.
The Shining One was pleased with you.
You were an enormous serpent.
You visited 2 branches of the dungeon, and saw 10 of its levels.
You visited the Abyss 1 time.
You also visited: Sewer.

You collected 241 gold pieces.

Inventory:

Missiles
 x - 6 curare-tipped darts
 z - a throwing net
Jewellery
 e - a +6 ring of intelligence (right tentacle)
 j - a ring of magical power (left tentacle)
 u - a +4 ring of protection (on tentacle)
 W - a ring of wizardry (on tentacle)
Talismans
 v - a granite talisman
 A - a serpent talisman (active)
 B - a maw talisman
Wands
 b - a wand of mindburst (14)
 c - a wand of iceblast (7)
 i - a wand of charming (4)
 D - a wand of digging (8)
Scrolls
 g - a scroll of enchant weapon
 m - 2 scrolls of noise
 o - a scroll of fog
 p - 2 scrolls of brand weapon
 r - a scroll of immolation
 t - 3 scrolls of teleportation
 w - a scroll of enchant armour
Potions
 a - 2 potions of invisibility
 d - a potion of might
 f - 3 potions of enlightenment
 h - a potion of lignification
 k - a potion of attraction
 l - a potion of heal wounds
 n - a potion of resistance
 q - a potion of curing
 s - 3 potions of brilliance
 C - a potion of ambrosia {unknown}


   Skills:
 + Level 5.5 Fighting
 + Level 5.8 Dodging
 + Level 6.2 Unarmed Combat
 + Level 3.4 Transmutations
 + Level 3.5 Invocations
 * Level 9.4 Shapeshifting


You had 7 spell levels left.
You knew the following spells:

 Your Spells              Type           Power      Damage    Failure   Level
a - Wereblood             Tmut           12%        N/A       3%          2

Your spell library contained the following spells:

 Spells                   Type           Power      Damage    Failure   Level
 Kiss of Death            Conj/Necr      0%         2d5       9%          1
 Lesser Beckoning         Tloc           0%         N/A       13%         2
 Scorch                   Fire           0%         2d5       13%         2
 Sublimation of Blood     Necr           0%         N/A       13%         2
 Confusing Touch          Hex            0%         N/A       26%         3
 Dazzling Flash           Conj/Hex       0%         N/A       26%         3
 Gell's Gravitas          Tloc           0%         N/A       26%         3
 Teleport Other           Tloc           0%         N/A       26%         3
 Dispel Undead            Necr           0%         3d6       61%         4
 Flame Wave               Conj/Fire      0%         2d4       61%         4
 Agony                    Necr           0%         N/A       91%         5
 Silence                  Hex/Air        0%         N/A       91%         5
 Summon Cactus Giant      Summ           0%         N/A       100%        6
 Summon Hydra             Summ           0%         N/A       100%        7


Dungeon Overview and Level Annotations

Branches:
Dungeon (10/15)            Temple (1/1) D:6           Sewer (visited)
   Lair: D:8-11         Orc: D:9-12

Altars:
Ashenzari
Cheibriados
Dithmenos
Elyvilon
Fedhas
Gozag
Hepliaklqana
Kikubaaqudgha
Makhleb
Nemelex Xobeh
Okawaru
Qazlal
Vehumet
Wu Jian
Xom
Yredelemnul
Zin
The Shining One

Annotations:
D:5 2 transporters, dannycarnage's ghost, novice OpVM
D:9 Maggie; Psyche
D:10 2 transporters


Innate Abilities, Weirdness & Mutations

You are an enormous serpent.
You have a powerful constriction melee attack.
Your maximum health is increased.
Your armour is entirely melded.
You are incapable of wielding weapons or throwing items.
You cannot wear most types of armour.
You are amphibious.
You can wear up to eight rings at the same time.
((Your skin changes colour to match your surroundings (Stealth+).))
((Your rubbery body absorbs attacks. (AC +1, EV +1)))
((You are camouflaged when in or above water. (Stealth+)))
((You have tentacles for arms and can constrict up to eight enemies at once.))


Message History

The naga warrior constricts you.
The naga warrior roars a battlecry!
The naga warriors go into a battle-frenzy!
A chorus of shrieks assaults your mind.
* * * LOW HITPOINT WARNING * * *
The raiju bites you but does no damage.
You regained 13 hp, and now have 19/73 hp.
You body-slam the raiju!!
You kill the raiju!
The naga warrior spits poison at you. The splash of poison misses you.
The splash of poison hits the small abomination.
The small abomination completely resists.
The naga warrior constricts you.
Okay, then.
You feel much better.
The naga warrior hits you with a +0 scimitar!
The naga warrior constricts you.
The small abomination barely misses you.
A starcursed mass splits.
A chorus of shrieks assaults your mind.
You regained 4 hp, and now have 23/74 hp.
You hit the small abomination but do no damage.
You grab the small abomination. You constrict the small abomination.
The naga warrior disappears in a puff of smoke!
The naga warrior hits you with a +0 scimitar!
* * * LOW HITPOINT WARNING * * *
The naga warrior constricts you.
A starcursed mass splits.
The small abomination closely misses you.
The worldbinder calls forth creatures from the Snake Pit!
You take 10 damage, and have 13/74 hp.
You lash the small abomination!
The small abomination is moderately damaged.
You constrict the small abomination.
The naga warrior disappears in a puff of smoke!
The worldbinder calls forth creatures from the Snake Pit!
The small abomination hits you.
* * * LOW HITPOINT WARNING * * *
The naga warrior hits you with a +0 scimitar!!
You die... .X. #X# #X# # #X##.# ## #XX

....
#N##.##
# #x# #
#N# #S#
#x# #.#
#.# #.#
#.. #.#
#.#


You could see 3 starcursed masses, 2 naga warriors, a worldbinder and a small
abomination.

Vanquished Creatures
  A bunyip (Abyss:2)
  A raiju (Abyss:2)
  Sigmund (D:3)
  3 yaks (D:9)
  A steam dragon (D:7)
  Edmund (D:4)
  2 water moccasins
  A black bear (D:6)
  An ice beast (D:5)
  2 ogres
  3 phantoms
  4 kobold brigands
  2 bullfrogs
  2 scorpions
  A killer bee (D:9)
  2 howler monkeys (D:7)
  2 hounds
  4 jellies
  A gnoll bouda (D:5)
  3 orc priests
  A sleepcap (D:6)
  An iguana (D:4)
  3 orc wizards
  Robin (D:4)
  8 gnolls
  9 adders
  A river rat (Sewer)
  2 ufetubi (D:7)
  3 worms
  4 dart slugs
  31 orcs
  9 ball pythons
  2 bats
  8 endoplasms
  9 giant cockroaches
  14 goblins
  10 hobgoblins
  2 jackals (D:1)
  4 quokkas
  10 frilled lizards
  17 kobolds
  16 rats
203 creatures vanquished.

Notes
Turn   | Place    | Note
-------+----------+-------------------------------------------
     0 | D:1      | Dirtsage the Octopode Shapeshifter began the quest for the
                  | Orb.
     0 | D:1      | Reached XP level 1. HP: 13/13 MP: 1/1
   217 | D:1      | Reached XP level 2. HP: 11/18 MP: 2/2
   552 | D:1      | Reached XP level 3. HP: 6/23 MP: 3/3
   886 | D:2      | Found a radiant altar of Vehumet.
  1030 | D:2      | Reached XP level 4. HP: 29/29 MP: 4/4
  1469 | D:2      | Reached skill level 4 in Shapeshifting
  1531 | D:2      | Reached XP level 5. HP: 31/34 MP: 5/5
  1599 | D:2      | Found a faded altar of an unknown god.
  2166 | D:3      | Found a glowing drain.
  2170 | Sewer    | Entered a sewer
  2405 | Sewer    | Reached XP level 6. HP: 29/41 MP: 6/6
  2623 | Sewer    | Found a shimmering altar of Xom.
  2793 | D:3      | Found a glowing golden altar of the Shining One.
  2963 | D:3      | Became a worshipper of the Shining One
  3119 | D:3      | Noticed Sigmund
  3302 | D:3      | Killed Sigmund
  3303 | D:3      | Reached skill level 5 in Shapeshifting
  3303 | D:3      | Reached XP level 7. HP: 37/46 MP: 7/7
  3421 | D:4      | Noticed Edmund
  3430 | D:4      | Killed Edmund
  3531 | D:4      | Found a stormy altar of Qazlal.
  3776 | D:4      | Noticed Robin
  3788 | D:4      | Killed Robin
  3852 | D:4      | Found an iron altar of Okawaru.
  4105 | D:5      | Entered Level 5 of the Dungeon
  4216 | D:5      | Reached XP level 8. HP: 42/54 MP: 8/8
  4224 | D:5      | Reached skill level 1 in Invocations
  4318 | D:5      | Reached skill level 6 in Shapeshifting
  4328 | D:5      | Found a broken altar of Ashenzari.
  4484 | D:5      | Reached * piety under the Shining One
  4755 | D:5      | Reached skill level 7 in Shapeshifting
  4791 | D:5      | Found a transporter.
  4793 | D:5      | Noticed dannycarnage's ghost (novice OpVM)
  4795 | D:5      | Noticed a gargoyle
  4805 | D:5      | Found a transporter.
  4809 | D:5      | Found an opulent altar of Gozag.
  5288 | D:6      | Found a snail-covered altar of Cheibriados.
  5372 | D:6      | Found a staircase to the Ecumenical Temple.
  5381 | Temple   | Entered the Ecumenical Temple
  5419 | D:6      | Found a sparkling altar of Nemelex Xobeh.
  5472 | D:6      | Learned a level 2 spell: Wereblood
  5532 | D:6      | Reached skill level 5 in Unarmed Combat
  5532 | D:6      | Reached skill level 8 in Shapeshifting
  5596 | D:6      | Found a basalt altar of Yredelemnul.
  5640 | D:6      | Reached skill level 1 in Transmutations
  5640 | D:6      | Reached XP level 9. HP: 47/58 MP: 9/9
  6115 | D:7      | Reached skill level 5 in Dodging
  6346 | D:7      | You fall into a shaft and drop 3 floors!
  6346 | D:10     | Entered Level 10 of the Dungeon
  6379 | D:10     | Found a shadowy altar of Dithmenos.
  6408 | D:10     | Noticed a deep elf pyromancer
  6408 | D:10     | Noticed an ogre mage
  6409 | D:10     | Found a transporter.
  6409 | D:10     | Noticed a centaur warrior
  6409 | D:10     | Noticed a boulder beetle
  6426 | D:10     | Found a transporter.
  6486 | D:9      | Noticed Maggie
  6504 | D:9      | Noticed Psyche
  6534 | D:9      | Reached ** piety under the Shining One
  6714 | D:9      | Reached skill level 5 in Fighting
  6720 | D:9      | Reached skill level 9 in Shapeshifting
  6728 | Abyss:2  | Cast into level 2 of the Abyss (Psyche)
  6755 | Abyss:2  | Found a corrupted altar of Lugonu.
  6799 | Abyss:2  | Found a corrupted altar of Lugonu.
  6842 | Abyss:2  | Noticed a bunyip
  6852 | Abyss:2  | Killed a bunyip
  6853 | Abyss:2  | Reached XP level 10. HP: 43/66 MP: 12/12
  6861 | Abyss:2  | Noticed a tentacled starspawn
  6866 | Abyss:2  | Noticed a starcursed mass
  6867 | Abyss:2  | Noticed a worldbinder
  6873 | Abyss:2  | Noticed a naga warrior
  6873 | Abyss:2  | Noticed a naga warrior
  6877 | Abyss:2  | Noticed a naga warrior
  6877 | Abyss:2  | Noticed a naga warrior
  6883 | Abyss:2  | Annihilated by a naga warrior

Illustrated notes

Levels and vault maps discovered:
D:1:      lemuel_arrival_cross, layout_basic, serial_rivers,
          chequers_serial_rivers_marsh, chequers_serial_rivers_micro_d,
          chequers_serial_rivers_micro_d, chequers_serial_rivers_marsh
D:2:      layout_rooms, basic_altar, shapermc_ecumenical_altar_notcrosses,
          nicolae_kite_square_tiling_tiny, minmay_misc_feat_plants,
          ebering_dispersal_statue_hall, nicolae_concentric_dashed_squares_mild,
          amcnicky_mini_corridor_feature
D:3:      layout_loops_ring, overflow_temple_1_default, gup_sewer_entry_spiral,
          grunt_decor_cap, minmay_misc_feat_more_columns, eino_tiny_chamber,
          uniq_sigmund
D:4:      layout_gridville, okawaru_gym_becter,
          nicolae_qazlal_general_emergency, lexackson_kobold_supper, uniq_robin,
          uniq_edmund
D:5:      layout_rooms, nicolae_gozag_seed_capital, ashenzari_altar_1,
          gammafunk_ghost_arena, grunt_ministairs_9
D:6:      cheibrodos_thug_alley, layout_cave_pods,
          mainiacjoe_overflow_surrounded_room, kennysheep_slug_shrine,
          mainiacjoe_overflow_catwalk, minmay_temple_entry_overgrown
D:7:      layout_cave_pools, lemuel_blue_sif_altar,
          mainiacjoe_overflow_boulevard
D:9:      layout_loops_ring, trog_antimagical, uniq_maggie, uniq_psyche
D:10:     layout_basic, gammafunk_temple_overflow_arena, onia_ninara_cookie
Temple:   hellmonk_temple_forest_ring
Abyss:2:  base: D:10, serial_sigils_hangedman_snap

Skill      XL: |  1  2  3  4  5  6  7  8  9 |
---------------+----------------------------+-----
Fighting       | 2 3 4 5 |  5.5
Shapeshifting  | 4 5 8 9 |  9.4
Dodging        | 3 4 5 |  5.8
Unarmed Combat | 4 5 6 |  6.2
Invocations    | 1 3 |  3.5
Transmutations | 1 3 |  3.4

Action                     |  1- 3 |  4- 6 |  7- 9 | 10-12 || total
---------------------------+-------+-------+-------+-------++-------
  Melee: Unarmed           |    52 |   147 |   234 |     8 ||   441
         Constrict         |    14 |    27 |    61 |     4 ||   106
         Tentacles         |    12 |    30 |    43 |       ||    85
         Punch             |     2 |     4 |     7 |       ||    13
   Cast: Wereblood         |       |       |     1 |       ||     1
    Use: Potion            |       |     4 |     1 |     2 ||     7
         Scroll            |       |     3 |    12 |     1 ||    16
   Stab: Sleeping          |     5 |     7 |       |       ||    12
 Armour: Skin              |    19 |    90 |   117 |    15 ||   241
  Dodge: Dodged            |    16 |    69 |   107 |     9 ||   201
   Form: Serpent           |       |       |     1 |       ||     1

Table legend: (Time is in decaauts)
 A = Elapsed time spent in this place.
 B = Non-inter-level travel time spent in this place.
 C = Inter-level travel time spent in this place.
 D = Time resting spent in this place.
 E = Time spent auto-exploring this place.
 F = Levels seen in this place.
 G = Mean time per level.
                   A        B        C        D        E       F      G
               +--------+--------+--------+--------+--------+-----+--------+
         Total |   6818 |   6455 |    363 |    214 |   4262 |  12 |  568.2 |
       Dungeon |   6115 |   5752 |    363 |    131 |   3944 |   9 |  679.4 |
        Temple |      1 |      1 |      0 |      0 |      0 |   1 |    1.0 |
         Abyss |    158 |    158 |      0 |      9 |     36 |   1 |  158.0 |
         Sewer |    543 |    543 |      0 |     74 |    282 |   1 |  543.0 |
               +--------+--------+--------+--------+--------+-----+--------+

Top non-repeatable levels by time:
     D:2: 973 daAuts
     D:4: 971 daAuts
     D:3: 960 daAuts
     D:6: 946 daAuts
     D:1: 883 daAuts
     D:5: 745 daAuts
   Sewer: 543 daAuts
     D:7: 289 daAuts
     D:9: 208 daAuts
 Abyss:2: 158 daAuts
    D:10: 136 daAuts
  Temple: 1 daAuts
